 Dungeon Crawl Stone Soup version 0.27.1-35-g4d5d836560 (webtiles) character file.

Game seed: 17953869406692069119

2 Froggeryz the Cudgeller (level 1, -1/24 HPs)
             Began as an Octopode Berserker on Sept 16, 2022.
             Was a Follower of Trog.
             Slain by a goblin (4 damage)
             ... on level 1 of the Dungeon.
             The game lasted 00:00:08 (22 turns).

Froggeryz the Cudgeller (Octopode Berserker)          Turns: 22, Time: 00:00:08

Health: -1/24      AC:  1    Str: 16    XL:     1   Next: 40%
Magic:  1/1        EV: 13    Int:  9    God:    Trog [*.....]
Gold:   0          SH:  0    Dex: 11    Spells: 0/0 levels left

rFire    . . .     SeeInvis .   a - +0 mace
rCold    . . .     Faith    .   (no shield)
rNeg     . . .     Spirit   .   (helmet restricted)
rPois    .         Reflect  .   (no amulet)
rElec    .         Harm     .   (no ring)
rCorr    .         Rampage  .   (no ring)
Will     .....                  (no ring)
Stlth    ..........             (no ring)
HPRegen  0.08/turn              (no ring)
MPRegen  0.07/turn              (no ring)
                                (no ring)
                                (no ring)

@: berserking, very quick
A: almost no armour, amphibious, 8 rings, camouflage 1, gelatinous body 1,
(nimble swimmer 1), tentacles
a: Renounce Religion, Berserk


You were on level 1 of the Dungeon.
You worshipped Trog.
Trog was aware of your devotion.
You visited 1 branch of the dungeon, and saw 1 of its levels.

Inventory:

Hand Weapons
 a - a +0 mace (weapon)
Potions
 b - a potion of mutation {unknown}


   Skills:
 + Level 3.0 Fighting
 * Level 3.1 Maces & Flails
 - Level 3.0 Dodging


You couldn't memorise any spells.
You didn't know any spells.
Your spell library was empty.

Dungeon Overview and Level Annotations

Branches:
Dungeon (1/15)

Altars:


Innate Abilities, Weirdness & Mutations

You cannot wear most types of armour.
You are amphibious.
You can wear up to eight rings at the same time.
Your skin changes colour to match your surroundings (Stealth+).
Your rubbery body absorbs attacks. (AC +1, EV +1)
((You are camouflaged near water. (Stealth+)))
You have tentacles for arms and can constrict up to eight enemies at once.


Message History

You hit the goblin.
The goblin is severely wounded.
You constrict the goblin.
You kill the goblin!
Trog accepts your kill. The hobgoblin barely misses you.
You closely miss the hobgoblin. You grab the hobgoblin.
You constrict the hobgoblin. The hobgoblin hits you.
The goblin hits you with a +0 club.
* * * LOW HITPOINT WARNING * * *
You are too injured to fight recklessly!
You are too injured to fight recklessly!
You are too injured to fight recklessly!
You are too injured to fight recklessly!
You are too injured to fight recklessly!
You are too injured to fight recklessly!
You are too injured to fight recklessly!
You are too injured to fight recklessly!
You are too injured to fight recklessly!
You are too injured to fight recklessly!
You are too injured to fight recklessly!
You are too injured to fight recklessly!
You are too injured to fight recklessly!
You are too injured to fight recklessly!
You are too injured to fight recklessly!
You are too injured to fight recklessly!
A red film seems to cover your vision as you go berserk!
You feel yourself moving faster!
You feel mighty!
You constrict the hobgoblin.
You kill the hobgoblin!
Trog accepts your kill. The goblin hits you with a +0 club.
* * * LOW HITPOINT WARNING * * *
You feel a strong urge to attack something.
You see here a hobgoblin corpse.
The goblin hits you with a +0 club.
* * * LOW HITPOINT WARNING * * *
You barely miss the goblin. Your grab misses the goblin.
Your squeeze misses the goblin. The goblin closely misses you.
The goblin hits you with a +0 club.
You die...

.. .≈≈PPP≈≈≈.<...♣ ...
≈≈≈PP≈≈.....P♣ ..^.
≈≈≈≈≈≈.<..♣
....############'######
........................
.......#.......#.#...##.
#.......#.###.#...#
#.##†##.#.# ... .##
##.##@...#.# .###.#
#......gg..#.# . .
.........)...### ##
.........#...#
.........###.#
.......... ....
.......... ....
.....##.... .... ... #..
...


You could see 2 goblins.

Vanquished Creatures
  A goblin (D:1)
  A hobgoblin (D:1)
2 creatures vanquished.

Notes
Turn   | Place    | Note
-------+----------+-------------------------------------------
     0 | D:1      | Froggeryz the Octopode Berserker began the quest for the
                  | Orb.
     0 | D:1      | Reached XP level 1. HP: 16/16 MP: 1/1
    22 | D:1      | Slain by a goblin

Illustrated notes

Levels and vault maps discovered:
D:1:      tarquinn_simple_flora_water_c, layout_basic, hangedman_glass_teeth,
          st_stairs_4

Action                   || total
-------------------------++-------
Melee: Mace              ||     5
       Constrict         ||     2
       Tentacles         ||     1
Invok: Berserk           ||     1
Dodge: Dodged            ||     2
